 Dungeon Crawl Stone Soup version 0.27-a0-681-g0c81a3c1c3 (webtiles) character file.

Game seed: 16767537262071981982

42 jestyr24 the Skirmisher (level 3, 0/34 HPs)
             Began as a Minotaur Fighter on Mar 19, 2021.
             Slain by Terence
             ... wielding a +2 flail of protection
              (4 damage)
             ... on level 2 of the Dungeon.
             The game lasted 00:03:10 (1257 turns).

jestyr24 the Skirmisher (Minotaur Fighter)          Turns: 1257, Time: 00:03:10

Health: 0/34       AC: 12    Str: 21    XL:     3   Next: 35%
Magic:  2/2        EV:  7    Int:  5    God:
Gold:   21         SH:  9    Dex:  9    Spells: 2/2 levels left

rFire    . . .     SeeInvis .   a - +0 long sword
rCold    . . .     Faith    .   c - +0 kite shield
rNeg     . . .     Spirit   .   b - +0 scale mail
rPois    .         Reflect  .   (helmet restricted)
rElec    .         Harm     .   g - +0 cloak
rCorr    .         Rampage  .   (no gloves)
Will     .....                  (no boots)
Stlth    ..........             (no amulet)
HPRegen  0.11/turn              f - +4 ring of protection
MPRegen  0.08/turn              (no ring)

@: no status effects
A: horns 2, retaliatory headbutt
a: no special abilities


You were on level 2 of the Dungeon.
You visited 1 branch of the dungeon, and saw 2 of its levels.

You collected 21 gold pieces.

Inventory:

Hand Weapons
 a - a +0 long sword (weapon)
 j - a +0 long sword
Missiles
 m - 5 stones (quivered)
Armour
 b - a +0 scale mail (worn)
 c - a +0 kite shield (worn)
 g - a +0 cloak (worn)
 l - a +0 kite shield
Jewellery
 f - a +4 ring of protection (right hand)
Scrolls
 e - a scroll of fog {unknown}
 i - 2 scrolls of identify {unknown}
Potions
 d - a potion of might
 h - 2 potions of curing {unknown}
 k - a potion of heal wounds {unknown}


   Skills:
 + Level 4.6 Fighting
 + Level 3.6 Long Blades
 - Level 3.6 Armour
 - Level 3.6 Shields


You had 2 spell levels left.
You didn't know any spells.
Your spell library contained the following spells:

 Spells                   Type           Power      Damage    Failure   Level
 Magic Dart               Conj           0%         1d3       99%         1
 Blink                    Tloc           N/A        N/A       100%        2
 Call Imp                 Summ           0%         N/A       100%        2
 Slow                     Hex            0%         N/A       100%        2
 Conjure Flame            Conj/Fire      0%         6-21      100%        3
 Mephitic Cloud           Conj/Pois/Air  0%         N/A       100%        3


Dungeon Overview and Level Annotations

Branches:
Dungeon (2/15)

Altars:

Annotations:
D:2 Terence


Innate Abilities, Weirdness & Mutations

You have a pair of horns on your head.
You reflexively headbutt those who attack you in melee.


Message History

You kill the goblin!
A giant cockroach comes into view.
The bat hits you but does no damage. The worm bites you but does no damage.
You hit the worm.
The worm is lightly wounded.
The bat hits you but does no damage. The worm bites you.
You hit Terence but do no damage. You block the bat's attack.
Terence hits you with a +2 flail of protection.
The bat barely misses you. You furiously retaliate!
You headbutt the bat.
You kill the bat!
The giant cockroach bites you but does no damage.
The worm bites you but does no damage.
You hit Terence but do no damage. Terence hits you but does no damage.
You block the giant cockroach's attack.
Terence hits you with a +2 flail of protection.
The worm bites you. The giant cockroach barely misses you.
You furiously retaliate!
You headbutt the giant cockroach!
You kill the giant cockroach!
You closely miss Terence. Terence barely misses you. You furiously retaliate!
You headbutt Terence, but do no damage. You hit Terence.
Terence is moderately wounded.
Terence hits you with a +2 flail of protection.
You block the worm's attack. You block Terence's attack.
You hit Terence but do no damage.
Terence is moderately wounded.
Terence hits you with a +2 flail of protection.
You slash Terence! You headbutt Terence, but do no damage.
Terence is almost dead.
You block Terence's attack.
You hit Terence.
Terence is almost dead.
Terence hits you with a +2 flail of protection.
* * * LOW HITPOINT WARNING * * *
Terence hits you with a +2 flail of protection.
* * * LOW HITPOINT WARNING * * *
You hit Terence but do no damage.
Terence is almost dead.
Terence hits you with a +2 flail of protection.
You die...

............# #.
#.............# #.
#.............# ##.
#.........†...# #..
#.....#!.....# #..
#.....#......# #.#
#.....#......# ###..
#.....#......# #....
#..@@w.....# ##.###
#.#######.#####..###
# #...........
############


You could see Terence and a worm.

Vanquished Creatures
  An ooze (D:1)
  3 worms (D:2)
  A dart slug (D:1)
  A leopard gecko (D:1)
  4 bats
  2 giant cockroaches (D:2)
  4 goblins
  3 jackals (D:1)
  A ball python (D:2)
  A frilled lizard (D:1)
  2 kobolds (D:1)
  2 rats
25 creatures vanquished.

Notes
Turn   | Place    | Note
-------+----------+-------------------------------------------
     0 | D:1      | jestyr24 the Minotaur Fighter began the quest for the Orb.
     0 | D:1      | Reached XP level 1. HP: 19/19 MP: 0/0
   451 | D:1      | Reached XP level 2. HP: 26/27 MP: 1/1
   454 | D:1      | Reached skill level 4 in Fighting
  1135 | D:2      | Reached XP level 3. HP: 34/34 MP: 2/2
  1241 | D:2      | Noticed Terence
  1257 | D:2      | Slain by Terence

Illustrated notes

Levels and vault maps discovered:
D:1:      roderic_lyre, layout_basic
D:2:      minmay_evil_eye, layout_basic, bloody_trog, uniq_terence

Skill      XL: |  1  2 |
---------------+-------+-----
Long Blades    | 3 |  3.6
Fighting       | 4 |  4.6
Armour         | |  3.6
Shields        | |  3.6

Action                   || total
-------------------------++-------
Melee: Long sword        ||    53
       Headbutt          ||     8
Throw: Stone             ||    12
Armor: Scale mail        ||    22
Dodge: Dodged            ||    16
Block: Kite shield       ||    22
       Rpst.: Long sword ||     4

Table legend: (Time is in decaauts)
 A = Elapsed time spent in this place.
 B = Non-inter-level travel time spent in this place.
 C = Inter-level travel time spent in this place.
 D = Time resting spent in this place.
 E = Time spent auto-exploring this place.
 F = Levels seen in this place.
 G = Mean time per level.
                   A        B        C        D        E       F      G
               +--------+--------+--------+--------+--------+-----+--------+
         Total |   1285 |   1244 |     41 |      0 |   1009 |   2 |  642.5 |
       Dungeon |   1285 |   1244 |     41 |      0 |   1009 |   2 |  642.5 |
               +--------+--------+--------+--------+--------+-----+--------+

Top non-repeatable levels by time:
     D:1: 983 daAuts
     D:2: 301 daAuts
